 Dungeon Crawl Stone Soup version 0.31.0-32-g396128a36d (webtiles) character file.

Game seed: 17829661131047443587

108 gohu the Digger (level 4, -2/26 HPs)
             Began as a Gargoyle Earth Elementalist on Mar 9, 2024.
             Slain by Sigmund
             ... wielding a +5 scythe of venom
              (9 damage)
             ... on level 3 of the Dungeon.
             The game lasted 00:05:19 (2685 turns).

gohu the Digger (Gargoyle Earth Elementalist)       Turns: 2685, Time: 00:05:19

Health: -2/26      AC:  6    Str: 11    XL:     4   Next: 87%
Magic:  3/7        EV: 11    Int: 18    God:
Gold:   59         SH:  0    Dex: 10    Spells: 6/7 levels left

rFire   . . .        d - +1 dagger (venom)
rCold   + . .        (no shield)
rNeg    + . .        a - +0 robe
rPois   ∞            (no helmet)
rElec   +            (no cloak)
rCorr   +            (no gloves)
SInv    .            f - +0 pair of boots
Will    .....        (no amulet)
Stlth   +            l - ring of protection from cold
HPRegen 0.24/turn    m - ring of resist corrosion
MPRegen 0.10/turn

%: no passive effects
@: confused
A: sickness immunity, AC +3, negative energy resistance 1, electricity
resistance, torment resistance 1, petrification resistance
a: no special abilities


You were on level 3 of the Dungeon.
You visited 1 branch of the dungeon, and saw 3 of its levels.

You collected 59 gold pieces.

Inventory:

Hand Weapons
 d - a +1 dagger of venom (weapon)
 j - a +0 sling
Missiles
 n - a throwing net
Armour
 a - a +0 robe (worn)
 f - a +0 pair of boots (worn)
 h - a +0 pair of boots
Jewellery
 l - a ring of protection from cold (left hand)
 m - a ring of resist corrosion (right hand)
Scrolls
 c - 2 scrolls of identify {unknown}
 e - a scroll of fog {unknown}
 g - a scroll of blinking {unknown}
Potions
 b - a potion of magic
 i - a potion of mutation {unknown}
 k - a potion of heal wounds {unknown}


   Skills:
 + Level 2.1 Fighting
 - Level 1.5 Dodging
 - Level 2.1 Stealth
 - Level 2.0 Spellcasting
 + Level 2.6 Conjurations
 * Level 5.2 Earth Magic


You had 6 spell levels left.
You knew the following spells:

 Your Spells              Type           Power      Damage    Failure   Level
a - Sandblast             Erth           40%        2d10      1%          1

Your spell library contained the following spells:

 Spells                   Type           Power      Damage    Failure   Level
 Passwall                 Erth           20%        N/A       6%          3
 Stone Arrow              Conj/Erth      30%        3d8       11%         3
 Scorch                   Fire           2%         2d5       26%         2
 Brom's Barrelling Bould  Conj/Erth      15%        2d4       34%         4
 Teleport Other           Tloc           1%         N/A       47%         3
 Volatile Blastmotes      Fire/Tloc      2%         2d10      47%         3
 Petrify                  Alch/Erth      11%        N/A       52%         4
 Fulminant Prism          Conj/Alch      3%         3d5       71%         4
 Iskenderun's Mystic Bla  Conj/Tloc      6%         2d4       71%         4
 Manifold Assault         Tloc           1%         N/A       87%         4
 Disjunction              Tloc           0%         N/A       100%        8


Dungeon Overview and Level Annotations

Branches:
Dungeon (3/15)

Altars:
Zin

Annotations:
D:3 Sigmund


Innate Abilities, Weirdness & Mutations

You are immune to sickness and miasma.
Your stone body is resilient. (AC +3)
You are immune to poison.
You resist negative energy. (rN+)
You are resistant to electric shocks. (rElec)
You are resistant to unholy torment.
You are immune to petrification.


Message History

Press: ? - help, Shift-Dir - straight line, f/p - Sigmund
Aim: Sigmund, wielding a +5 scythe of venom and wearing a +2 robe (moderately wounded, 81% to hit)
The blast of sand hits Sigmund.
Sigmund is heavily wounded.
Sigmund hits you from afar with a +5 scythe of venom!
Casting: Sandblast (safe; 1% risk of failure)
Confirm with . or Enter, or press ? or * to list all spells.
Aiming: Sandblast (safe; 1% risk of failure)
Press: ? - help, Shift-Dir - straight line, f/p - Sigmund
Aim: Sigmund, wielding a +5 scythe of venom and wearing a +2 robe (heavily wounded, 81% to hit)
The blast of sand hits Sigmund.
Sigmund is severely wounded.
Sigmund closely misses you.
Casting: Sandblast (safe; 1% risk of failure)
Confirm with . or Enter, or press ? or * to list all spells.
Aiming: Sandblast (safe; 1% risk of failure)
Press: ? - help, Shift-Dir - straight line, f/p - Sigmund
Aim: Sigmund, wielding a +5 scythe of venom and wearing a +2 robe (severely wounded, 81% to hit)
The blast of sand hits Sigmund.
Sigmund is almost dead.
Sigmund points at you and mumbles some strange words.
You are confused.
You're too confused to cast spells.
You're too confused to cast spells.
You're too confused to cast spells.
You're too confused to cast spells.
You're too confused to cast spells.
You are too confused!
Sigmund casts a spell at you. The magic dart hits you.
You're too confused to cast spells.
You closely miss Sigmund.
Sigmund is almost dead.
Sigmund hits you with a +5 scythe of venom.
* * * LOW HITPOINT WARNING * * *
Your +1 dagger of venom begins to drip with poison!
d - a +1 dagger of venom (weapon)
Sigmund hits you with a +5 scythe of venom!
You die...
Sigmund begins carving another notch in his scythe.

###.#.# #....#
#...........# ....#.#
#....# #......(....#
##....# #....#
#...........+ ##.####
###########...........#
...#
#.....###+######'#..
####
#####.....###+######.###
..#
#....................# #
..# .#
#.....@.............## #
..# .#
#(.....@............####
..# .#
#...................'...
#)##.##
#.....###...........####
#..#..# #.....
#............... #..#..#
#..... #...............
#..#).# #....
#............... #.....#
+.....###...............
#######
#...........#+####......
..#########
#.............#......


You could see Sigmund.

Vanquished Creatures
  3 adders (D:3)
  2 dart slugs
  2 ribbon worms (D:2)
  5 orcs (D:3)
  2 endoplasms (D:2)
  4 giant cockroaches
  4 goblins
  11 hobgoblins
  3 jackals (D:2)
  A quokka (D:1)
  9 ball pythons
  4 bats
  6 frilled lizards
  2 kobolds
  5 rats
63 creatures vanquished.

Notes
Turn   | Place    | Note
-------+----------+-------------------------------------------
     0 | D:1      | gohu the Gargoyle Earth Elementalist began the quest for
                  | the Orb.
     0 | D:1      | Reached XP level 1. HP: 10/10 MP: 3/3
   256 | D:1      | Reached skill level 4 in Earth Magic
   256 | D:1      | Reached XP level 2. HP: 16/16 MP: 1/5
   481 | D:1      | Reached skill level 1 in Fighting
   827 | D:1      | Reached XP level 3. HP: 20/20 MP: 4/6
  1179 | D:2      | Got the Catalogue of Inflammable Relocation
  1406 | D:2      | Found a glowing silver altar of Zin.
  1952 | D:2      | Reached XP level 4. HP: 26/26 MP: 2/7
  2415 | D:3      | Reached skill level 5 in Earth Magic
  2673 | D:3      | Noticed Sigmund
  2685 | D:3      | Slain by Sigmund

Illustrated notes

Levels and vault maps discovered:
D:1:      spicycebolla_arrival_clurvy, layout_basic
D:2:      layout_basic, basic_altar, reono_crystal_passage
D:3:      minmay_angry_zag, layout_basic, uniq_sigmund

Skill      XL: |  1  2  3  4 |
---------------+-------------+-----
Earth Magic    | 4 5 |  5.2
Fighting       | 1 2 |  2.1
Conjurations   | 2 |  2.6
Dodging        | |  1.5
Stealth        | |  2.1
Spellcasting   | |  2.0

Action                     |  1- 3 |  4- 6 || total
---------------------------+-------+-------++-------
  Melee: Dagger            |     4 |     7 ||    11
         Sling             |       |     1 ||     1
   Fire: Sling             |     3 |    20 ||    23
   Cast: Sandblast         |    62 |    21 ||    83
 Armour: Robe              |     6 |    11 ||    17
  Dodge: Dodged            |     9 |    15 ||    24
